| TOP OF THE 1ST |
|
West Michigan Whitecaps batting - Pitching for Lexington Legends : RHP Itsuki Eguchi
|
|
Pitching: RHP Itsuki Eguchi
|
|
|
Batting: RHB Janne Vihko
|
0-0: Ball 1-0: Ball 2-0: Ball 3-0: Called Strike 3-1: SINGLE (Groundball, 56, EV 96.2 MPH)
|
|
Batting: RHB Tanner Purchase
|
0-0: Called Strike Janne Vihko steals 2nd base (no throw) 0-1: Ground out 5-3 (Groundball, 5, EV 105.6 MPH)
|
|
Batting: LHB Afanasy Zasekin
|
0-0: Swinging Strike 0-1: Ball Janne Vihko steals 3rd base (no throw) 1-1: Ball 2-1: Ball 3-1: Base on Balls
|
|
Batting: RHB J.J. Basil
|
0-0: Called Strike Afanasy Zasekin steals 2nd base 0-1: Fly out, F8 (Flyball, 78D, EV 91.2 MPH)
|
|
Batting: RHB Ernst Meloche
|
0-0: Ball 1-0: Called Strike 1-1: SINGLE (Flyball, 7LS, EV 90.0 MPH) Janne Vihko scores Afanasy Zasekin to third Runner from 3rd tries for Home, SAFE, throw by LF to home
|
|
Batting: RHB Norm Wood
|
0-0: Ball Ernst Meloche is caught stealing 2nd base 2-4
|
| Top of the 1st over - 2 runs, 2 hits, 0 errors, 0 left on base; West Michigan 2 - Lexington 0 |
| BOTTOM OF THE 1ST |
|
Lexington Legends batting - Pitching for West Michigan Whitecaps : RHP Andy Strange
|
|
Pitching: RHP Andy Strange
|
|
|
Batting: LHB Efrem Isaev
|
0-0: Called Strike 0-1: Ball 1-1: Reached on error, E4 (Groundball, 4, EV 84.4 MPH)
|
|
Batting: RHB Jonas Fernandez
|
0-0: Called Strike 0-1: Foul Ball, location: 2F 0-2: Ball 1-2: Grounds into double play, 6-4-3 (Groundball, 6, EV 89.4 MPH)
|
|
Batting: LHB Edgar Ortiz
|
0-0: Ball 1-0: Foul Ball, location: 2F 1-1: Swinging Strike 1-2: Ball 2-2: Ball 3-2: Foul Ball, location: 2F 3-2: TRIPLE (Flyball, 8LXD, EV 99.4 MPH)
|
|
Batting: RHB Chang-keun Baik
|
0-0: Ball 1-0: Called Strike 1-1: Ground out 6-3 (Groundball, 6, EV 87.5 MPH)
|
| Bottom of the 1st over - 0 runs, 1 hit, 1 error, 1 left on base; West Michigan 2 - Lexington 0 |
| TOP OF THE 2ND |
|
West Michigan Whitecaps batting - Pitching for Lexington Legends : RHP Itsuki Eguchi
|
|
Batting: RHB Norm Wood
|
0-0: Called Strike 0-1: Reached via error on a dropped throw from 3B, E3 (Groundball, 56, EV 82.5 MPH)
|
|
Batting: RHB Jon Goldstein
|
0-0: Called Strike Norm Wood steals 2nd base 0-1: Ball 1-1: Foul Ball, location: 2F 1-2: Ball 2-2: Strikes out looking
|
|
Batting: RHB Keith Hoffman
|
0-0: Ball 1-0: Foul Ball, location: 2F 1-1: Swinging Strike 1-2: Ground out 4-3 (Groundball, 4, EV 82.5 MPH) Norm Wood to third
|
|
Batting: SHB Chris Wagler
|
0-0: Ball 1-0: Ball 2-0: SINGLE (Flyball, 6MD, EV 94.4 MPH) Norm Wood scores
|
|
Batting: RHB Janne Vihko
|
0-0: Ball Chris Wagler steals 2nd base 1-0: Foul Ball, location: 2F 1-1: Foul Ball, location: 2F 1-2: Reached on error, E4 (Groundball, 34, EV 103.1 MPH) Chris Wagler scores
|
|
Batting: RHB Tanner Purchase
|
0-0: Called Strike 0-1: Foul Ball, location: 2F 0-2: Ball 1-2: Ball 2-2: Strikes out swinging
|
| Top of the 2nd over - 2 runs, 1 hit, 2 errors, 1 left on base; West Michigan 4 - Lexington 0 |
| BOTTOM OF THE 2ND |
|
Lexington Legends batting - Pitching for West Michigan Whitecaps : RHP Andy Strange
|
|
Batting: LHB Vicente Hernandez
|
0-0: Called Strike 0-1: Ball 1-1: Foul Ball, location: 2F 1-2: Ground out 6-3 (Groundball, 6, EV 80.6 MPH)
|
|
Batting: RHB David Rubio
|
0-0: Ball 1-0: Fly out, F8 (Flyball, 8RM, EV 92.5 MPH)
|
|
Batting: LHB Shohei Nishi
|
0-0: Called Strike 0-1: Fly out, F3 (Popup, 3L, EV 68.1 MPH)
|
| Bottom of the 2nd over - 0 runs, 0 hits, 0 errors, 0 left on base; West Michigan 4 - Lexington 0 |
| TOP OF THE 3RD |
|
West Michigan Whitecaps batting - Pitching for Lexington Legends : RHP Itsuki Eguchi
|
|
Batting: LHB Afanasy Zasekin
|
0-0: Ball 1-0: Ball 2-0: Ball 3-0: Base on Balls
|
|
Batting: RHB J.J. Basil
|
0-0: Ball Afanasy Zasekin steals 2nd base 1-0: Called Strike 1-1: Ball 2-1: Ball 3-1: Swinging Strike 3-2: Base on Balls
|
|
Batting: RHB Ernst Meloche
|
0-0: Fly out, F7 (Flyball, 78M, EV 89.4 MPH)
|
|
Batting: RHB Norm Wood
|
0-0: Ball 1-0: Foul Ball, location: 2F 1-1: SINGLE (Groundball, 6S, EV 61.9 MPH) (infield hit) Afanasy Zasekin to third J.J. Basil to second
|
|
Batting: RHB Jon Goldstein
|
0-0: Ball 1-0: Ball 2-0: Ball 3-0: Base on Balls Afanasy Zasekin scores J.J. Basil to third Norm Wood to second
|
|
Pitching: RHP Danny Zuniga
|
|
|
Batting: RHB Keith Hoffman
|
0-0: Called Strike 0-1: Called Strike 0-2: Ball 1-2: Ball 2-2: Ball 3-2: Base on Balls J.J. Basil scores Norm Wood to third Jon Goldstein to second
|
|
Batting: SHB Chris Wagler
|
0-0: Ball 1-0: Called Strike 1-1: Ball 2-1: Ball 3-1: Base on Balls Norm Wood scores Jon Goldstein to third Keith Hoffman to second
|
|
Batting: RHB Janne Vihko
|
0-0: Called Strike 0-1: Foul Ball, location: 2F 0-2: SINGLE (Groundball, 6M, EV 84.4 MPH) (infield hit) Jon Goldstein scores Keith Hoffman to third Chris Wagler to second
|
|
Batting: RHB Tanner Purchase
|
0-0: Called Strike 0-1: Called Strike 0-2: Fly out, F9 (Flyball, 9, EV 86.2 MPH)
|
|
Batting: LHB Afanasy Zasekin
|
0-0: Ball 1-0: Ball 2-0: Ball 3-0: Ground out 4-3 (Groundball, 34, EV 82.5 MPH)
|
| Top of the 3rd over - 4 runs, 2 hits, 0 errors, 3 left on base; West Michigan 8 - Lexington 0 |
| BOTTOM OF THE 3RD |
|
Lexington Legends batting - Pitching for West Michigan Whitecaps : RHP Andy Strange
|
|
Batting: RHB Ian Hornsby
|
0-0: Called Strike 0-1: Ball 1-1: Ball 2-1: Fly out, F8 (Flyball, 8RD, EV 101.9 MPH)
|
|
Batting: RHB Trevor Kingston
|
0-0: Called Strike 0-1: Foul Ball, location: 2F 0-2: Ball 1-2: Strikes out swinging
|
|
Batting: LHB Efrem Isaev
|
0-0: Ball 1-0: Ball 2-0: Ball 3-0: Called Strike 3-1: Fly out, F4 (Popup, 13S, EV 78.1 MPH)
|
| Bottom of the 3rd over - 0 runs, 0 hits, 0 errors, 0 left on base; West Michigan 8 - Lexington 0 |
| TOP OF THE 4TH |
|
West Michigan Whitecaps batting - Pitching for Lexington Legends : RHP Danny Zuniga
|
|
Batting: RHB J.J. Basil
|
0-0: Ball 1-0: Called Strike 1-1: Called Strike 1-2: Foul Ball, location: 2F 1-2: Ground out 6-3 (Groundball, 6, EV 86.2 MPH)
|
|
Batting: RHB Ernst Meloche
|
0-0: Ball 1-0: Foul Ball, location: 2F 1-1: Called Strike 1-2: Foul Ball, location: 2F 1-2: Strikes out swinging
|
|
Batting: RHB Norm Wood
|
0-0: Ball 1-0: Ball 2-0: Called Strike 2-1: Ball 3-1: Swinging Strike 3-2: Strikes out swinging
|
| Top of the 4th over - 0 runs, 0 hits, 0 errors, 0 left on base; West Michigan 8 - Lexington 0 |
| BOTTOM OF THE 4TH |
|
Lexington Legends batting - Pitching for West Michigan Whitecaps : RHP Andy Strange
|
|
Batting: RHB Jonas Fernandez
|
0-0: Ball 1-0: Ground out 6-3 (Groundball, 6, EV 89.4 MPH)
|
|
Batting: LHB Edgar Ortiz
|
0-0: Called Strike 0-1: Ground out U3 (Groundball, 34, EV 110.6 MPH)
|
|
Batting: RHB Chang-keun Baik
|
0-0: Called Strike 0-1: Called Strike 0-2: Ball 1-2: Foul Ball, location: 2F 1-2: Ball 2-2: Fly out, F8 (Flyball, 8RD, EV 91.2 MPH)
|
| Bottom of the 4th over - 0 runs, 0 hits, 0 errors, 0 left on base; West Michigan 8 - Lexington 0 |
| TOP OF THE 5TH |
|
West Michigan Whitecaps batting - Pitching for Lexington Legends : RHP Danny Zuniga
|
|
Batting: RHB Jon Goldstein
|
0-0: Ground out 5-3 (Groundball, 56S, EV 63.1 MPH)
|
|
Batting: RHB Keith Hoffman
|
0-0: Ball 1-0: Ball 2-0: Foul Ball, location: 2F 2-1: Called Strike 2-2: Strikes out looking
|
|
Batting: SHB Chris Wagler
|
0-0: Ball 1-0: Fly out, F8 (Flyball, 8RD, EV 85.6 MPH)
|
| Top of the 5th over - 0 runs, 0 hits, 0 errors, 0 left on base; West Michigan 8 - Lexington 0 |
| BOTTOM OF THE 5TH |
|
Lexington Legends batting - Pitching for West Michigan Whitecaps : RHP Andy Strange
|
|
Batting: LHB Vicente Hernandez
|
0-0: Ball 1-0: Ball 2-0: Foul Ball, location: 2F 2-1: Ball 3-1: Called Strike 3-2: Strikes out swinging
|
|
Batting: RHB David Rubio
|
0-0: Fly out, F9 (Flyball, 9D, EV 101.2 MPH)
|
|
Batting: LHB Shohei Nishi
|
0-0: Fly out, F6 (Line Drive, 6, EV 74.4 MPH)
|
| Bottom of the 5th over - 0 runs, 0 hits, 0 errors, 0 left on base; West Michigan 8 - Lexington 0 |
| TOP OF THE 6TH |
|
West Michigan Whitecaps batting - Pitching for Lexington Legends : RHP Danny Zuniga
|
|
Batting: RHB Janne Vihko
|
0-0: Ground out 4-3 (Groundball, 4, EV 78.1 MPH)
|
|
Pitching: RHP Mike Galvin
|
|
|
Batting: RHB Tanner Purchase
|
0-0: Foul Ball, location: 2F 0-1: Swinging Strike 0-2: Ball 1-2: Strikes out looking
|
|
Batting: LHB Afanasy Zasekin
|
0-0: Ball 1-0: Foul Ball, location: 2F 1-1: Foul Ball, location: 2F 1-2: Strikes out swinging
|
| Top of the 6th over - 0 runs, 0 hits, 0 errors, 0 left on base; West Michigan 8 - Lexington 0 |
| BOTTOM OF THE 6TH |
|
Lexington Legends batting - Pitching for West Michigan Whitecaps : RHP Andy Strange
|
|
Batting: RHB Ian Hornsby
|
0-0: Called Strike 0-1: Ball 1-1: Foul Ball, location: 2F 1-2: Ball 2-2: Strikes out looking and he ARGUES THE CALL AND IS TOSSED!
|
|
Batting: RHB Trevor Kingston
|
0-0: Called Strike 0-1: Foul Ball, location: 2F 0-2: Ball 1-2: Ball 2-2: Strikes out swinging
|
|
Batting: LHB Efrem Isaev
|
0-0: Called Strike 0-1: Ball 1-1: Foul Ball, location: 2F 1-2: Strikes out looking
|
| Bottom of the 6th over - 0 runs, 0 hits, 0 errors, 0 left on base; West Michigan 8 - Lexington 0 |
| TOP OF THE 7TH |
|
West Michigan Whitecaps batting - Pitching for Lexington Legends : RHP Mike Galvin
|
|
Batting: RHB J.J. Basil
|
0-0: Ball 1-0: Ground out 6-3 (Groundball, 56, EV 102.5 MPH)
|
|
Batting: RHB Ernst Meloche
|
0-0: Called Strike 0-1: Swinging Strike 0-2: Strikes out swinging
|
|
Batting: RHB Norm Wood
|
0-0: Called Strike 0-1: Ball 1-1: Ball 2-1: Fly out, F9 (Flyball, 89S, EV 95.0 MPH)
|
| Top of the 7th over - 0 runs, 0 hits, 0 errors, 0 left on base; West Michigan 8 - Lexington 0 |
| BOTTOM OF THE 7TH |
|
Lexington Legends batting - Pitching for West Michigan Whitecaps : RHP Andy Strange
|
|
Batting: RHB Jonas Fernandez
|
0-0: SINGLE (Groundball, 56D, EV 96.9 MPH)
|
|
Batting: LHB Edgar Ortiz
|
0-0: Swinging Strike 0-1: Ball 1-1: Called Strike 1-2: Strikes out swinging
|
|
Batting: RHB Chang-keun Baik
|
0-0: Swinging Strike 0-1: Fielders Choice at 2nd, 5-4 (Groundball, 5, EV 110.6 MPH)
|
|
Batting: LHB Vicente Hernandez
|
0-0: Ball 1-0: Called Strike 1-1: SINGLE (Groundball, 34D, EV 104.4 MPH) Chang-keun Baik to second Runner from 2nd tries for 3rd, SAFE, throw by RF made to third
|
|
Batting: RHB David Rubio
|
0-0: Called Strike 0-1: Foul Ball, location: 2F 0-2: Ball 1-2: Strikes out swinging
|
| Bottom of the 7th over - 0 runs, 2 hits, 0 errors, 2 left on base; West Michigan 8 - Lexington 0 |
| TOP OF THE 8TH |
|
West Michigan Whitecaps batting - Pitching for Lexington Legends : RHP Mike Galvin
|
|
Batting: RHB Jon Goldstein
|
0-0: Swinging Strike 0-1: Ball 1-1: Ground out 6-3 (Groundball, 6MS, EV 78.8 MPH)
|
|
Batting: RHB Keith Hoffman
|
0-0: Ball 1-0: Foul Ball, location: 2F 1-1: Foul Ball, location: 2F 1-2: Ball 2-2: Foul Ball, location: 2F 2-2: Ground out U3 (Groundball, 34, EV 88.1 MPH)
|
|
Batting: SHB Chris Wagler
|
0-0: Swinging Strike 0-1: Ball 1-1: Called Strike 1-2: Ball 2-2: Ball 3-2: Base on Balls
|
|
Batting: RHB Janne Vihko
|
0-0: Ball 1-0: Foul Ball, location: 2F 1-1: Ball 2-1: Ball 3-1: SINGLE (Groundball, 6, EV 101.9 MPH) Chris Wagler to second
|
|
Batting: RHB Tanner Purchase
|
0-0: Ball 1-0: Ball 2-0: Fielders Choice at 2nd, 6-4 (Groundball, 6, EV 110.0 MPH)
|
| Top of the 8th over - 0 runs, 1 hit, 0 errors, 2 left on base; West Michigan 8 - Lexington 0 |
| BOTTOM OF THE 8TH |
|
Lexington Legends batting - Pitching for West Michigan Whitecaps : RHP Andy Strange
|
|
Batting: LHB Shohei Nishi
|
0-0: Called Strike 0-1: Ball 1-1: Ball 2-1: Foul Ball, location: 2F 2-2: Ground out 4-3 (Groundball, 4, EV 78.1 MPH)
|
|
Batting: LHB David Bearden
|
0-0: Ball 1-0: Ball 2-0: Ground out 5-3 (Groundball, 56, EV 81.9 MPH)
|
|
Batting: RHB Trevor Kingston
|
0-0: Called Strike 0-1: Foul Ball, location: 2F 0-2: Ball 1-2: Ball 2-2: Ball 3-2: Base on Balls
|
|
Pitching: RHP Alan Grossfeld
|
|
|
Batting: LHB Efrem Isaev
|
0-0: Ball 1-0: Fly out, F6 (Line Drive, 56, EV 74.4 MPH)
|
| Bottom of the 8th over - 0 runs, 0 hits, 0 errors, 1 left on base; West Michigan 8 - Lexington 0 |
| TOP OF THE 9TH |
|
West Michigan Whitecaps batting - Pitching for Lexington Legends : RHP Mike Galvin
|
|
Pitching: RHP Ryan Crump
|
|
|
Batting: LHB Afanasy Zasekin
|
0-0: Ball 1-0: Foul Ball, location: 2F 1-1: Ball 2-1: Ground out 3-1 (Groundball, 34, EV 103.1 MPH)
|
|
Batting: RHB J.J. Basil
|
0-0: Ball 1-0: Called Strike 1-1: Ball 2-1: Foul Ball, location: 2F 2-2: Ball 3-2: Ground out 6-3 (Groundball, 6, EV 101.2 MPH)
|
|
Batting: RHB Ernst Meloche
|
0-0: Swinging Strike 0-1: Ball 1-1: Swinging Strike 1-2: Ball 2-2: Fly out, F8 (Flyball, 8RD, EV 95.0 MPH)
|
| Top of the 9th over - 0 runs, 0 hits, 0 errors, 0 left on base; West Michigan 8 - Lexington 0 |
| BOTTOM OF THE 9TH |
|
Lexington Legends batting - Pitching for West Michigan Whitecaps : RHP Alan Grossfeld
|
|
Batting: RHB Jonas Fernandez
|
0-0: Called Strike 0-1: Swinging Strike 0-2: Ball 1-2: Ground out 6-3 (Groundball, 6, EV 81.9 MPH)
|
|
Batting: LHB Edgar Ortiz
|
0-0: Ball 1-0: Called Strike 1-1: SINGLE (Groundball, 3D, EV 97.5 MPH)
|
|
Batting: RHB Chang-keun Baik
|
0-0: Called Strike 0-1: Foul Ball, location: 2F 0-2: Ball 1-2: Ball 2-2: Strikes out swinging
|
|
Batting: LHB Vicente Hernandez
|
0-0: Called Strike 0-1: Swinging Strike 0-2: Ball 1-2: Ball 2-2: Strikes out swinging
|
| Bottom of the 9th over - 0 runs, 1 hit, 0 errors, 1 left on base; West Michigan 8 - Lexington 0 |
|